cohdb
Replays
Latest Replays
All Replays
Popular Replays
Top Player Replays
Match Explorer
How It Works
Community
CoH3 Stats
Reddit
Sign in to upload your games and track your stats! →
Sign in with Steam
Match 39867517
Unlisted
Match 39867517
Overview
Messages
Build Orders
End
Panzergrenadier Squad
Panzerpioneer Squad
Selects Panzerjäger Kommand Battlegroup
Selects Panzerjäger Kommand Battlegroup
Selects Mine Fields
250 Light Carrier
250 Light Carrier
Construct Light Support Kompanie
Combat Half-tracks
Assault Grenadier Squad
Construct Mechanized Kompanie
MG34 Team
8 Rad Armored Car
2.5-tonne Medical Truck
Vehicle Survival Package
Selects Tank Busters
Selects Crew Shock Tactics
254 Reconnaissance Tractor
Marder III Tank Destroyer
Support Armor Elements
StuG III D Assault Gun
Emergency Repair Kits
Marder III Tank Destroyer
Marder III Tank Destroyer
Rapid Advance
Selects Elefant Tank Destroyer
sharpshooter
MIHua
Novacaine
Hanzawilhelm Longbowman of Crécy
0
0
Comments
sign in to comment!
No comments posted yet!